 Dungeon Crawl Stone Soup version 0.31-a0-1529-g7bd419a0e5 (webtiles) character file.

Game seed: 11724773023077418963

800 graki42 the Sneak (level 7, -4/47 HPs)
             Began as an Octopode Shapeshifter on Dec 31, 2023.
             Slain by a troll (11 damage)
             ... on level 5 of the Dungeon.
             The game lasted 00:09:13 (3076 turns).

graki42 the Sneak (Octopode Shapeshifter)           Turns: 3076, Time: 00:09:13

Health: -4/47      AC:  1    Str: 14    XL:     7   Next: 90%
Magic:  7/7        EV: 14    Int: 12    God:
Gold:   192        SH:  0    Dex: 13    Spells: 6/6 levels left

rFire   . .          .
                       - Unarmed
rCold   . . .        (no shield)
rNeg    . . .        (helmet currently unavailable)
rPois   .            (no amulet)
rElec   .            (no ring)
rCorr   .            (no ring)
SInv    .            (no ring)
Will    .....        (no ring)
Stlth   ++++         (no ring)
HPRegen 0.27/turn    (no ring)
MPRegen 0.10/turn    (no ring)
                     (no ring)

%: no passive effects
@: beast-form
A: beast (slay +2), almost no armour, amphibious, 8 rings, camouflage 1,
gelatinous body 1, (nimble swimmer 1), tentacles
a: Begin Untransformation


You were on level 5 of the Dungeon.
You were a hulking beast.
You visited 1 branch of the dungeon, and saw 5 of its levels.

You collected 192 gold pieces.

Inventory:

Missiles
 e - 6 atropa-tipped darts
Talismans
 b - a beast talisman
 c - a flux talisman
Wands
 o - a wand of roots (5)
 s - a wand of flame (20)
 u - a wand of polymorph (7)
 x - a wand of mindburst (16)
Scrolls
 d - a scroll of torment {unknown}
 h - 3 scrolls of poison {unknown}
 k - 3 scrolls of enchant weapon
 l - 2 scrolls of fog {unknown}
 n - a scroll of fear {unknown}
 q - 2 scrolls of teleportation {unknown}
 t - a scroll of summoning {unknown}
Potions
 a - 2 potions of lignification
 f - 3 potions of ambrosia
 g - 2 potions of curing
 i - a potion of berserk rage
 j - 2 potions of brilliance
 m - 3 potions of degeneration {unknown}
 p - 2 potions of enlightenment
 r - 2 potions of haste {unknown}
 v - 3 potions of heal wounds {unknown}
 w - a potion of might {unknown}


   Skills:
 + Level 3.7 Fighting
 + Level 4.1 Dodging
 + Level 5.2 Stealth
 + Level 4.8 Unarmed Combat
 + Level 4.6 Shapeshifting


You had 6 spell levels left.
You didn't know any spells.
Your spell library contained the following spells:

 Spells                   Type           Power      Damage    Failure   Level
 Apportation              Tloc           0%         N/A       32%         1
 Necrotise                Necr           0%         1d4       32%         1
 Sting                    Conj/Alch      0%         1d3       32%         1
 Summon Small Mammal      Summ           0%         N/A       32%         1
 Fugue of the Fallen      Necr           0%         N/A       69%         3
 Ozocubu's Armour         Ice            0%         N/A       69%         3
 Manifold Assault         Tloc           0%         N/A       97%         4


Dungeon Overview and Level Annotations

Branches:
Dungeon (5/15)
 Temple: D:4-7

Altars:

Shops:
D:3 !(


Innate Abilities, Weirdness & Mutations

You are a hulking beast.
Your limbs bulge with bestial killing power. (Slay +2)
You cannot wear most types of armour.
You are amphibious.
You can wear up to eight rings at the same time.
Your skin changes colour to match your surroundings (Stealth+).
Your rubbery body absorbs attacks. (AC +1, EV +1)
((You are camouflaged when in or above water. (Stealth+)))
You have tentacles for arms and can constrict up to eight enemies at once.


Message History

The orc struggles to escape constriction.
You tentacle-slap the orc. You grab the orc.
The orc is severely wounded.
You constrict the orc, but do no damage.
You constrict the orc. The orc closely misses you. The orc barely misses you.
You tentacle-slap the orc but do no damage.
The orc is heavily wounded.
You constrict the orc, but do no damage.
You constrict the orc.
You kill the orc!
The orc closely misses you.
You tentacle-slap the orc. You grab the orc. You squeeze the orc.
You kill the orc!
You constrict the orc, but do no damage.
The orc barely misses you.
You bludgeon the orc!
You kill the orc!
You see here a large rock.
v - 3 smoky purple potions (gained 2)
There is an open door here.
You open the door.
There is an open door here.
Found 5 stones.
x - a wand of mindburst (16)
A troll comes into view.
Found 3 curare-tipped darts.
Found a blackened hand axe.
A killer bee comes into view.
The troll shouts!
The killer bee buzzes angrily.
You hear an angry buzzing noise.
A killer bee comes into view.
You barely miss the troll. The troll bites you! The troll claws you!
The troll closely misses you.
Unknown command.
Okay, then.
Unknown command.
The troll attacks as it pursues you! The troll bites you!
* * * LOW HITPOINT WARNING * * *
The troll closely misses you. The troll claws you!
You die...

# ###################
#.........+.......#
#.........#.......#
#.........#.......'
#.........#.......#
#..###...(###.###+#
###.h###....###.##...
+...T.#..........#.<.
#.....#..........'...
#..y..#..........#...
#....(#......##..#...
#...y.#......##..#...
#....##..........#...
#...)##..........#...
......#..........#...


You could see a troll and 2 killer bees.

Vanquished Creatures
  A black bear (D:4)
  2 ogres (D:5)
  A phantom (D:3)
  A scorpion (D:5)
  A bombardier beetle (D:4)
  A hound (D:4)
  An orc priest (D:3)
  An iguana (D:4)
  5 orc wizards
  4 adders
  A dart slug (D:1)
  3 ribbon worms
  18 orcs
  6 bats
  12 endoplasms
  3 giant cockroaches
  14 goblins
  6 hobgoblins
  3 jackals (D:2)
  5 kobolds
  2 quokkas
  10 ball pythons
  5 frilled lizards
  6 rats
112 creatures vanquished.

Notes
Turn   | Place    | Note
-------+----------+-------------------------------------------
     0 | D:1      | graki42 the Octopode Shapeshifter began the quest for the
                  | Orb.
     0 | D:1      | Reached XP level 1. HP: 13/13 MP: 1/1
   142 | D:1      | Reached XP level 2. HP: 18/18 MP: 2/2
   159 | D:1      | Reached skill level 1 in Stealth
   376 | D:2      | Reached XP level 3. HP: 21/23 MP: 3/3
   760 | D:2      | Reached skill level 2 in Stealth
   821 | D:2      | Reached XP level 4. HP: 14/29 MP: 4/4
  1177 | D:3      | Found Xuerikod's Distillery.
  1191 | D:3      | Found Emuewust's Antique Weapon Emporium.
  1215 | D:3      | Reached XP level 5. HP: 7/34 MP: 5/5
  1734 | D:3      | Noticed a phantom
  1756 | D:3      | Killed a phantom
  1757 | D:3      | Reached skill level 3 in Stealth
  1757 | D:3      | Reached XP level 6. HP: 5/41 MP: 6/6
  2078 | D:4      | Noticed a black bear
  2086 | D:4      | Killed a black bear
  2227 | D:4      | Reached skill level 4 in Stealth
  2291 | D:4      | Reached XP level 7. HP: 6/46 MP: 7/7
  2845 | D:5      | Entered Level 5 of the Dungeon
  2864 | D:5      | Found the +6 shillelagh "Devastator" {shatter}
  2880 | D:5      | Reached skill level 5 in Stealth
  3071 | D:5      | Noticed a troll
  3076 | D:5      | Slain by a troll

Illustrated notes

Levels and vault maps discovered:
D:1:      nzn_arrival_crosshair, layout_rooms, minmay_heptomino_h4
D:2:      kennysheep_the_goblin_king, layout_basic, minmay_split_cup_large
D:3:      layout_rooms, serial_shops, shop, nicolae_shop_waterfront,
          kennysheep_generic_room_4
D:4:      layout_rooms
D:5:      layout_gridville, minmay_temple_entry_trees,
          biasface_ghost_orc_armoury, minivault_5,
          dilly_guarded_unrand_devastator, uniq_duvessa

Skill      XL: |  1  2  3  4  5  6  7 |
---------------+----------------------+-----
Stealth        | 1 2 3 4 5 |  5.2
Fighting       | 2 3 |  3.7
Dodging        | 3 4 |  4.1
Unarmed Combat | 4 |  4.8
Shapeshifting  | 4 |  4.6

Action                     |  1- 3 |  4- 6 |  7- 9 || total
---------------------------+-------+-------+-------++-------
  Melee: Unarmed           |    77 |   107 |    65 ||   249
         Constrict         |    17 |    18 |    16 ||    51
         Tentacles         |    14 |    18 |    11 ||    43
         Punch             |     2 |     3 |     1 ||     6
    Use: Scroll            |       |     5 |     1 ||     6
         Potion            |       |       |     1 ||     1
   Stab: Sleeping          |     6 |    14 |     2 ||    22
         Distracted        |     1 |       |     1 ||     2
 Armour: Skin              |    25 |    45 |    29 ||    99
  Dodge: Dodged            |    40 |    41 |    24 ||   105

Table legend: (Time is in decaauts)
 A = Elapsed time spent in this place.
 B = Non-inter-level travel time spent in this place.
 C = Inter-level travel time spent in this place.
 D = Time resting spent in this place.
 E = Time spent auto-exploring this place.
 F = Levels seen in this place.
 G = Mean time per level.
                   A        B        C        D        E       F      G
               +--------+--------+--------+--------+--------+-----+--------+
         Total |   3056 |   2970 |     86 |    633 |   1689 |   5 |  611.2 |
       Dungeon |   3056 |   2970 |     86 |    633 |   1689 |   5 |  611.2 |
               +--------+--------+--------+--------+--------+-----+--------+

Top non-repeatable levels by time:
     D:3: 875 daAuts
     D:2: 835 daAuts
     D:4: 780 daAuts
     D:1: 336 daAuts
     D:5: 228 daAuts
